AoeStats
← 0Atlas0

Arena

509389089Analyzed
4v4 RM · 5d ago on Sep 26, 2026· 39m 50s· 8 players
Game mode
Random Map
Map size
Large (8 player)
Population
200
Speed
Normal
Resources
Standard
Victory
Conquest
Starting age
Dark Age
Ending age
Imperial Age
RankedLock teamsTeams togetherTeam positionsShared explorationLock speedFull tech treeHidden civsTurbo modeCheats
Victory
Defeat
🇪🇸 Franks · Spain
1165
+14
🇹🇼 Slavs · Taiwan
1154
+14
🇮🇹 Turks · Italy
1088
+17
🇨🇳 Byzantines · China
1069
+18
🇺🇸 Varangians · United States
1135
-17
🇦🇷 Saracens · Argentina
1120
-16
🇨🇦 Mongols · Canada
1103
-15
🇰🇬 Byzantines · Kyrgyzstan
1094
-15
0Atlas0
11:19 Feudal Age
12:42 Double-Bit Axe
12:38 Horse Collar
15:21 Castle Age
19:10 Bloodlines
24:48 Wheelbarrow
24:02 Loom
24:06 Town Watch
27:00 Gold Mining
29:56 Imperial Age
28:25 Scale Mail Armor
28:39 Forging
29:19 Gold Mining
29:32 Heavy Plow
29:43 Bow Saw
29:26 Stone Mining
30:03 Scale Barding Armor
32:32 Conscription
32:35 Chain Barding Armor
32:50 Iron Casting
32:29 Fletching
34:41 Two-Man Saw
34:44 Hand Cart
35:29 Masonry
37:21 Plate Barding Armor
36:35 Elite Jarl
39:32 Architecture
40:31 Plate Barding Armor
40:56 Blast Furnace
Mauro Viale
9:49 Feudal Age
16:02 Castle Age
14:18 Double-Bit Axe
15:54 Fletching
16:08 Crossbowman
16:47 Bodkin Arrow
18:12 Bow Saw
18:29 Padded Archer Armor
19:06 Gold Mining
19:17 Horse Collar
21:50 Leather Archer Armor
21:57 Town Watch
21:59 Loom
23:49 Wheelbarrow
25:29 Thumb Ring
27:00 Hand Cart
31:28 Imperial Age
31:31 Arbalester
32:14 Bracer
32:41 Ballistics
33:35 Ring Archer Armor
34:42 Chemistry
39:51 Caravan
[MAD1] killmeifyoucan
4:58 Loom
10:50 Feudal Age
13:19 Double-Bit Axe
16:21 Castle Age
14:17 Gold Mining
14:11 Horse Collar
16:55 Wheelbarrow
22:13 Town Watch
22:59 Bow Saw
26:21 Gold Shaft Mining
27:17 Stone Mining
29:00 Forging
28:55 Scale Barding Armor
28:53 Husbandry
29:38 Bloodlines
31:01 Stone Shaft Mining
31:16 Iron Casting
31:01 Chain Barding Armor
31:42 Nomads
34:14 Imperial Age
33:53 Light Cavalry
35:21 Conscription
36:35 Blast Furnace
35:26 Fletching
35:08 Hussar
Te0n
10:44 Feudal Age
15:21 Castle Age
13:24 Double-Bit Axe
15:12 Horse Collar
22:35 Bow Saw
24:04 Wheelbarrow
24:48 Gold Mining
24:48 Stone Mining
27:03 Gold Shaft Mining
27:03 Stone Shaft Mining
30:06 Imperial Age
28:00 Scale Mail Armor
28:10 Forging
27:53 Fletching
27:57 Loom
28:30 Hand Cart
29:06 Chain Mail Armor
29:34 Gambesons
29:50 Squires
29:35 Arson
30:41 Heavy Plow
33:41 Hoardings
34:13 Crop Rotation
34:24 Conscription
33:33 Elite Varangian Guard
34:45 Fortified Wall
36:00 Plate Mail Armor
36:05 Iron Casting
38:17 Chemistry
37:31 Pikeman
39:58 Bodkin Arrow
Olkem
10:15 Feudal Age
16:17 Castle Age
14:37 Double-Bit Axe
14:55 Gold Mining
16:34 Wheelbarrow
17:15 Bow Saw
18:31 Hand Cart
18:36 Loom
18:38 Town Watch
24:11 Gold Shaft Mining
27:59 Imperial Age
25:39 Stone Mining
25:54 Town Patrol
25:59 Scale Mail Armor
27:17 Chain Mail Armor
27:12 Forging
27:05 Squires
27:29 Ballistics
27:23 Ordonnance Companies
28:17 Elite Throwing Axeman
30:08 Conscription
30:05 Masonry
29:51 Fletching
32:32 Plate Mail Armor
32:37 Iron Casting
32:41 Murder Holes
32:54 Siege Engineers
32:45 Murder Holes
34:15 Iron Casting
35:59 Blast Furnace
36:58 Bodkin Arrow
39:08 Architecture
popibo
10:41 Feudal Age
8:56 Loom
15:00 Castle Age
13:20 Double-Bit Axe
13:26 Town Watch
17:10 Bow Saw
16:43 Horse Collar
21:43 Wheelbarrow
23:51 Heavy Plow
30:59 Imperial Age
28:47 Hand Cart
28:49 Fletching
29:00 Padded Archer Armor
29:09 Scale Barding Armor
29:15 Forging
29:09 Detinets
29:48 Gold Mining
29:48 Stone Mining
30:22 Chain Barding Armor
30:19 Bloodlines
30:10 Husbandry
32:16 Conscription
32:38 Iron Casting
33:28 Plate Barding Armor
35:07 Blast Furnace
35:13 Fletching
36:14 Masonry
36:01 Murder Holes
37:37 Bodkin Arrow
39:35 Two-Man Saw
39:11 Crop Rotation
39:39 Gold Shaft Mining
39:31 Elite Boyar
天道
10:52 Feudal Age
14:44 Castle Age
12:47 Double-Bit Axe
13:00 Horse Collar
15:54 Bow Saw
15:46 Heavy Plow
22:00 Loom
23:06 Wheelbarrow
28:47 Imperial Age
26:32 Hand Cart
27:12 Gold Mining
27:12 Stone Mining
27:43 Husbandry
27:51 Scale Barding Armor
27:57 Forging
29:08 Squires
28:53 Arson
29:36 Chain Barding Armor
29:16 Scale Mail Armor
29:07 Fletching
29:57 Gold Shaft Mining
29:57 Stone Shaft Mining
30:16 Conscription
29:49 Crossbowman
30:34 Thumb Ring
31:03 Ballistics
31:43 Chemistry
30:25 Treadmill Crane
31:16 Conscription
30:43 Heavy Camel Rider
30:46 Pikeman
31:00 Arbalester
33:01 Iron Casting
32:43 Chain Mail Armor
32:46 Elite Skirmisher
32:57 Light Cavalry
34:00 Bodkin Arrow
34:05 Padded Archer Armor
34:10 Hussar
37:58 Logistica
38:42 Elite Cataphract
Flanker_08
10:41 Feudal Age
15:40 Castle Age
14:02 Double-Bit Axe
17:16 Wheelbarrow
17:22 Bow Saw
22:19 Horse Collar
23:20 Heavy Plow
24:23 Hand Cart
26:18 Gold Mining
29:56 Imperial Age
30:08 Imperial Age
27:27 Loom
27:42 Fletching
27:56 Stone Mining
28:57 Husbandry
28:55 Town Watch
30:01 Forging
29:57 Scale Barding Armor
32:36 Town Patrol
34:13 Artillery
34:43 Bombard Tower
34:44 Ballistics
38:48 Iron Casting
38:08 Bodkin Arrow
38:14 Scale Mail Armor
38:35 Chain Barding Armor
38:15 Padded Archer Armor
Connection lost

Rejoining the realm…

Still unreachable

The connection could not be restored.

Session expired

The server has moved on; the page needs a fresh start.